 Dungeon Crawl Stone Soup version 0.31-a0-986-g5e6e4ef867 (webtiles) character file.

Game seed: 9399253041476566209

662 wildpjah the Ducker (level 7, -8/52 HPs)
             Began as a Demonspawn Gladiator on Nov 22, 2023.
             Killed from afar by Ijyb (11 damage)
             ... with a puff of flame
             ... on level 5 of the Dungeon.
             The game lasted 00:04:29 (3243 turns).

wildpjah the Ducker (Demonspawn Gladiator)          Turns: 3243, Time: 00:04:31

Health: -8/52      AC:  4    Str: 14    XL:     7   Next: 30%
Magic:  7/7        EV: 12    Int: 10    God:
Gold:   186        SH:  4    Dex: 16    Spells: 6/6 levels left

rFire   . . .        j - +2 dagger (elec)
rCold   . . .        q - +0 buckler
rNeg    . . .        b - +0 leather armour
rPois   .            c - +0 helmet
rElec   .            (no cloak)
rCorr   .            (no gloves)
SInv    .            (no boots)
Will    .....        (no amulet)
Stlth   ++           (no ring)
HPRegen 0.28/turn    (no ring)
MPRegen 0.10/turn

%: no passive effects
@: no status effects
A: hooves 1, demonic guardian 1, demonic magic 1, weakness stinger 1
a: no special abilities


You were on level 5 of the Dungeon.
You visited 1 branch of the dungeon, and saw 5 of its levels.

You collected 186 gold pieces.

Inventory:

Hand Weapons
 a - a +0 long sword
 j - a +2 dagger of electrocution (weapon)
 n - a +0 falchion
Missiles
 d - 3 throwing nets (quivered)
 v - 4 javelins
Armour
 b - a +0 leather armour (worn)
 c - a +0 helmet (worn)
 q - a +0 buckler (worn)
Jewellery
 s - a ring of protection from fire
 x - a ring of flight
Wands
 k - a wand of iceblast (17)
Scrolls
 e - a scroll of silence {unknown}
 g - 3 scrolls of identify {unknown}
 i - 2 scrolls of noise {unknown}
 o - a scroll of acquirement {unknown}
 p - a scroll of amnesia {unknown}
 t - a scroll of enchant armour {unknown}
 u - 3 scrolls of vulnerability {unknown}
Potions
 f - 6 potions of curing {unknown}
 h - 3 potions of heal wounds {unknown}
 l - a potion of brilliance {unknown}
 m - a potion of enlightenment {unknown}
 r - 2 potions of might {unknown}
 w - a potion of degeneration {unknown}


   Skills:
 + Level 3.2 Fighting
 + Level 3.4(4.2) Short Blades
 + Level 3.7(4.4) Long Blades
 + Level 2.0 Throwing
 + Level 3.0 Armour
 + Level 4.0 Dodging
 + Level 1.7 Stealth
 + Level 0.6 Shields


You had 6 spell levels left.
You didn't know any spells.
Your spell library contained the following spells:

 Spells                   Type           Power      Damage    Failure   Level
 Lesser Beckoning         Tloc           0%         N/A       69%         2
 Static Discharge         Conj/Air       0%         3-3/arc   69%         2
 Call Canine Familiar     Summ           0%         N/A       89%         3
 Gell's Gravitas          Tloc           0%         N/A       89%         3
 Sigil of Binding         Hex            0%         N/A       89%         3
 Teleport Other           Tloc           0%         N/A       89%         3
 Airstrike                Air            0%         2d(0-16)  100%        4
 Dimensional Bullseye     Hex/Tloc       0%         N/A       100%        4
 Leda's Liquefaction      Hex/Erth       0%         N/A       100%        4
 Summon Lightning Spire   Summ/Air       0%         N/A       100%        4
 Dispersal                Tloc           0%         N/A       100%        6


Dungeon Overview and Level Annotations

Branches:
Dungeon (5/15)
 Temple: D:4-7

Altars:
Fedhas

Shops:
D:4 [**

Annotations:
D:5 Ijyb


Innate Abilities, Weirdness & Mutations

You have large cloven feet.
A weak demonic guardian rushes to your aid.
Spells you cast may paralyse adjacent enemies.
You have a small tail.


Message History

You hit the orc but do no damage. Your kick misses the orc.
You tail-slap the orc.
You kill the orc!
The orc priest mumbles some strange prayers to Beogh against you.
Beogh smites you!
You hit Ijyb but do no damage. Your kick misses Ijyb.
Ijyb hits you with a +0 dagger.
You hit Ijyb. You kick Ijyb, but do no damage.
You tail-slap Ijyb, but do no damage.
Ijyb is lightly wounded.
You completely miss Ijyb. You kick Ijyb, but do no damage.
Ijyb is lightly wounded.
Ijyb zaps a wand.
The puff of flame hits you.
You hit Ijyb but do no damage.
Ijyb is lightly wounded.
Ijyb hits you with a +0 dagger.
You hit Ijyb but do no damage.
Ijyb is lightly wounded.
The orc priest mumbles some strange prayers to Beogh against you.
Beogh smites you!
* * * LOW HITPOINT WARNING * * *
A demonic guardian appears!
Ijyb misses you.
There is an open door here.
The orc priest miscasts a cantrip.
Ijyb zaps a wand.
The puff of flame hits your quasit.
Your quasit resists.
What are your orders? t - Shout!
Orders for allies: a - Attack new target. r - Retreat! s - Stop attacking. g - Guard the area. f - Follow me.
Anything else - Cancel.
Retreat in which direction?
Press: ? - help, Dir - move target Fall back!
The orc priest invokes the aid of Beogh against you.
Beogh smites you!
* * * LOW HITPOINT WARNING * * *
Ijyb zaps a wand.
The puff of flame hits you!
You die...

....... #......# #..
......# ## ### ..
.....#.. ###.+ ..
....#. ###...# .##
###.#...###...#.. ..
##...#.###...####. #.
#..........### #.
#.####@.....##.## ##
#.o)g'......##..# #
........###5.....###.##
# .....##.# #.....##
#..# #+# .... #.#
#.....#####.####.. ...
#.# #####...# #..#...#
## ..# ###.# ##...###
### #.# #.###..
########.####'#...#


You could see Ijyb, an orc priest and a friendly quasit (summoned).

Vanquished Creatures
  Menkaure (D:4)
  An ice beast (D:5)
  2 scorpions (D:5)
  A jelly (D:4)
  A gnoll bouda (D:4)
  Terence (D:2)
  Natasha (thrice) (D:2)
  2 gnolls (D:4)
  9 adders
  A worm (D:4)
  3 dart slugs
  3 orcs
  7 endoplasms
  2 giant cockroaches
  6 goblins
  7 hobgoblins
  5 kobolds
  3 quokkas (D:1)
  6 ball pythons
  4 bats
  6 frilled lizards
  3 rats
77 creatures vanquished.

Vanquished Creatures (collateral kills)
  A gnoll (D:4)
  3 goblins (D:4)
4 creatures vanquished.

Grand Total: 81 creatures vanquished

Notes
Turn   | Place    | Note
-------+----------+-------------------------------------------
     0 | D:1      | wildpjah the Demonspawn Gladiator began the quest for the
                  | Orb.
     0 | D:1      | Reached XP level 1. HP: 16/16 MP: 1/1
    13 | D:1      | Noticed a minotaur skeleton
    89 | D:1      | You fall into a shaft and drop 1 floor!
    89 | D:2      | Found a blossoming altar of Fedhas.
   220 | D:2      | Discovered your monstrous ancestry.
   220 | D:2      | Gained mutation: You have a small tail. [demonic ancestry]
   220 | D:2      | Reached XP level 2. HP: 15/22 MP: 2/2
   263 | D:1      | Reached skill level 3 in Dodging
   610 | D:1      | Gained mutation: Spells you cast may paralyse adjacent
                  | enemies. [demonic ancestry]
   610 | D:1      | Reached XP level 3. HP: 27/27 MP: 3/3
   693 | D:2      | Noticed Terence
   696 | D:2      | Killed Terence
   697 | D:2      | Reached skill level 1 in Armour
   756 | D:2      | Noticed Natasha
   759 | D:2      | Killed Natasha
   760 | D:2      | Reached XP level 4. HP: 33/33 MP: 4/4
   883 | D:2      | Reached skill level 1 in Short Blades
   988 | D:2      | Noticed Natasha
   996 | D:2      | Killed Natasha
  1188 | D:2      | Noticed Natasha
  1194 | D:2      | Killed Natasha
  1195 | D:2      | Gained mutation: A weak demonic guardian rushes to your
                  | aid. [demonic ancestry]
  1195 | D:2      | Reached XP level 5. HP: 31/39 MP: 5/5
  2320 | D:4      | Identified the +3 whip "Biafebb" {vamp, Dex+3 Stlth+}
  2352 | D:4      | Reached skill level 1 in Stealth
  2352 | D:4      | Gained mutation: You have large cloven feet. [demonic
                  | ancestry]
  2352 | D:4      | Reached XP level 6. HP: 28/46 MP: 6/6
  2598 | D:4      | Found Pedghao's Antique Armour Shoppe.
  2622 | D:4      | Noticed Menkaure
  2633 | D:4      | Killed Menkaure
  2807 | D:4      | Found Qedoti's Specific Store.
  2811 | D:4      | Found Xossuh's General Store.
  2849 | D:5      | Entered Level 5 of the Dungeon
  3036 | D:5      | Noticed an ice beast
  3041 | D:5      | Reached XP level 7. HP: 52/52 MP: 7/7
  3055 | D:5      | Reached skill level 4 in Dodging
  3227 | D:5      | Noticed Ijyb
  3243 | D:5      | Killed from afar by Ijyb

Illustrated notes

Levels and vault maps discovered:
D:1:      shiori_arrival_whats_in_store_for_you, layout_rooms
D:2:      layout_basic, basic_altar, uniq_natasha, uniq_terence
D:3:      minmay_wonky_spiral, layout_loops_cross, chequers_garden,
          nicolae_titane
D:4:      layout_rooms, serial_shops, nicolae_shop_statue_plus,
          nicolae_specific_store, palyth_stone_intersect, st_stairs_8,
          uniq_menkaure
D:5:      minmay_skewed_foursquare, layout_basic, uniq_ijyb

Skill      XL: |  1  2  3  4  5  6  7 |
---------------+----------------------+-----
Throwing       | 2 |  2.0
Dodging        | 3 4 |  4.0
Long Blades    | 3 |  3.7
Armour         | 1 2 3 |  3.0
Short Blades   | 1 2 3 |  3.4
Stealth        | 1 |  1.7
Fighting       | 3 |  3.2
Shields        | |  0.6

Action                     |  1- 3 |  4- 6 |  7- 9 || total
---------------------------+-------+-------+-------++-------
  Melee: Long sword        |    36 |       |       ||    36
         Dagger            |    37 |   146 |    24 ||   207
         Tailslap          |     8 |    15 |     5 ||    28
         Punch             |       |     1 |       ||     1
         Kick              |       |     6 |    10 ||    16
  Throw: Javelin           |       |     1 |     1 ||     2
         Throwing net      |       |     1 |       ||     1
   Stab: Sleeping          |       |     4 |       ||     4
 Armour: Leather armour    |    34 |    64 |    10 ||   108
  Dodge: Dodged            |    41 |    76 |    10 ||   127
  Block: Buckler           |       |     7 |       ||     7

Table legend: (Time is in decaauts)
 A = Elapsed time spent in this place.
 B = Non-inter-level travel time spent in this place.
 C = Inter-level travel time spent in this place.
 D = Time resting spent in this place.
 E = Time spent auto-exploring this place.
 F = Levels seen in this place.
 G = Mean time per level.
                   A        B        C        D        E       F      G
               +--------+--------+--------+--------+--------+-----+--------+
         Total |   3225 |   3056 |    169 |      0 |   2546 |   5 |  645.0 |
       Dungeon |   3225 |   3056 |    169 |      0 |   2546 |   5 |  645.0 |
               +--------+--------+--------+--------+--------+-----+--------+

Top non-repeatable levels by time:
     D:2: 980 daAuts
     D:3: 714 daAuts
     D:4: 633 daAuts
     D:1: 509 daAuts
     D:5: 388 daAuts
